 Dungeon Crawl Stone Soup version 0.29-a0-824-gd827844252 (webtiles) character file.

Game seed: 17161579428299233979

6652 Mesmaeker13 the Thaumaturge (level 11, -10/81 HPs)
             Began as a Djinni Hedge Wizard on July 9, 2022.
             Was a Follower of Elyvilon.
             Killed by divine providence
             ... invoked by a meliai
              (16 damage)
             ... on level 9 of the Dungeon.
             The game lasted 00:27:06 (12222 turns).

Mesmaeker13 the Thaumaturge (Djinni Hedge Wizard)  Turns: 12222, Time: 00:27:07

Health: -10/81     AC: 19    Str:  9    XL:     11   Next: 22%
Gold:   550        EV: 11    Int: 25    God:    Elyvilon [*.....] SH:  0 Dex: 14

rFire   + . .      SeeInvis .   G - +2 short sword (venom)
rCold   . . .      Faith    .   (no shield)
rNeg    . . .      Spirit   .   D - +6 ring mail of Unambiguity {Will++}
rPois   ∞          Reflect  .   I - +0 helmet
rElec   .          Harm     .   x - +1 cloak
rCorr   .          Rampage  .   B - +2 pair of gloves
Will    +++..                   (boots unavailable)
Stlth   +.........              (no amulet)
HPRegen 0.23/turn               y - ring of ice
MPRegen 0.00/turn               E - +6 ring of intelligence

@: flying
A: sickness immunity, fire resistance 2, cold vulnerability 1, float, innate
caster, HP casting, extra vitality 1, fangs 1
a: Renounce Religion, Purification


You were on level 9 of the Dungeon.
You worshipped Elyvilon.
Elyvilon was aware of your devotion.
You visited 2 branches of the dungeon, and saw 10 of its levels.
You also visited: Ossuary.

You collected 550 gold pieces.

Inventory:

Hand Weapons
 m - a +2 flail of protection
 s - a +2 vorpal spear
 G - a +2 short sword of venom (weapon)
Missiles
 w - 17 javelins (quivered)
 z - 35 poisoned darts
Armour
 x - a +1 cloak (worn)
 B - a +2 pair of gloves (worn)
 D - the +6 ring mail of Unambiguity (worn) {Will++}
   (You found it on level 3 of the Dungeon)

   Will:      It greatly increases your willpower.
 I - a +0 helmet (worn)
Jewellery
 c - a ring of wizardry
 u - a +6 ring of strength
 y - a ring of ice (left hand)
 E - a +6 ring of intelligence (right hand)
Wands
 a - a wand of flame (12)
Scrolls
 d - 2 scrolls of poison
 e - 2 scrolls of enchant armour
 h - 3 scrolls of immolation
 n - 2 scrolls of vulnerability
 o - a scroll of noise
 q - a scroll of magic mapping
 A - 3 scrolls of teleportation
 C - 2 scrolls of fog
 F - a scroll of blinking
 H - 2 scrolls of silence
 K - a scroll of brand weapon
Potions
 b - a potion of flight {unknown}
 f - 3 potions of heal wounds
 i - 3 potions of lignification {unknown}
 j - 4 potions of curing
 k - a potion of resistance
 l - a potion of might
 p - a potion of attraction {unknown}
 r - a potion of invisibility
 t - 4 potions of degeneration
 J - 2 potions of cancellation {unknown}


   Skills:
 + Level 7.9 Fighting
 + Level 7.6 Armour
 - Level 4.0 Dodging
 - Level 1.5 Stealth
 * Level 9.5 Spellcasting


You had 3 spell levels left.
You knew the following spells:

 Your Spells              Type           Power      Damage    Failure   Level
a - Magic Dart            Conj           100%       1d8       1%          1
b - Blink                 Tloc           100%       N/A       1%          2
c - Call Imp              Summ           56%        N/A       1%          2
d - Slow                  Hex            100%       N/A       1%          1
e - Conjure Flame         Conj/Fire      56%        6-21      1%          3
f - Mephitic Cloud        Conj/Pois/Air  56%        N/A       1%          3
g - Sandblast             Erth           100%       2d20      1%          1
h - Static Discharge      Conj/Air       56%        3-10/arc  1%          2
i - Dazzling Flash        Conj/Hex       100%       N/A       1%          3
j - Swiftness             Air            56%        N/A       1%          3
k - Irradiate             Conj/Tmut      28%        3d22      7%          5
Your spell library was empty.

Dungeon Overview and Level Annotations

Branches:
Dungeon (9/15)             Temple (1/1) D:4            Lair (0/6) D:9
    Orc (0/2) D:9         Ossuary (visited)

Altars:
Ashenzari
Cheibriados
Dithmenos
Elyvilon
Fedhas
Gozag
Hepliaklqana
Nemelex Xobeh
Okawaru
Qazlal
Ru
Trog
Uskayaw
Wu Jian
Xom
Yredelemnul
Zin
The Shining One

Shops:
D:4 (   D:8 *

Annotations:
D:7 1 exclusion


Innate Abilities, Weirdness & Mutations

You are immune to sickness and miasma.
You are immune to poison.
Your flesh is very heat resistant. (rF++)
You are vulnerable to cold. (rC-)
You float through the air rather than walking.
You learn spells naturally, not from books.
Your magical power is your life essence.
You have superior vitality. (+4 MHP)
You have very sharp teeth.


Message History

The gargoyle barely misses you.
Casting: Sandblast (safe; 1% risk of failure)
Confirm with . or Enter, or press ? or * to list all spells.
Aiming: Sandblast (safe; 1% risk of failure)
Press: ? - help, Shift-Dir - straight line, f/p - gargoyle
Aim: a gargoyle, wielding a +0 mace (almost destroyed, 92% to hit)
The blast of sand hits the gargoyle but does no damage.
The gargoyle is almost destroyed.
The gargoyle hurls a stone arrow at you.
The stone arrow hits you!
The gargoyle hits you but does no damage.
You hear something call down the wrath of a god upon you.
Something smites you!
Casting: Sandblast (safe; 1% risk of failure)
Confirm with . or Enter, or press ? or * to list all spells.
Aiming: Sandblast (safe; 1% risk of failure)
Press: ? - help, Shift-Dir - straight line, f/p - gargoyle
Aim: a gargoyle, wielding a +0 mace (almost destroyed, 92% to hit)
The blast of sand hits the gargoyle but does no damage.
The gargoyle is almost destroyed.
The gargoyle barely misses you.
The gargoyle hurls a stone arrow at you.
The stone arrow hits you!!
* * * LOW HITPOINT WARNING * * *
Casting: Sandblast (safe; 1% risk of failure)
Confirm with . or Enter, or press ? or * to list all spells.
Aiming: Sandblast (safe; 1% risk of failure)
Press: ? - help, Shift-Dir - straight line, f/p - gargoyle
Aim: a gargoyle, wielding a +0 mace (almost destroyed, 92% to hit)
The blast of sand hits the gargoyle.
You destroy the gargoyle!
* * * LOW HITPOINT WARNING * * *
Something hits you but does no damage. Something stings you.
* * * LOW HITPOINT WARNING * * *
Something hits you! Elyvilon protects you from harm!
Something stings you but does no damage.
You hear something call down the wrath of a god upon you.
Something smites you!
You die...

..# #........# <.#
#........# ..#
#........# ..#
#........# ..#
#........#
..######........######.
.......................
.#####.########.######.
.# #.# #.@).# .# #.#
#.##.# .# #.# ####'#
.#####.# ##$## ......##
#)..# ####### ##)## #
#9# # .y( # #.##


There were no monsters in sight!

Vanquished Creatures
  A death yak (D:9)
  Pikel (D:5)
  A cyclops (D:9)
  A manticore (D:7)
  A gargoyle (D:9)
  Prince Ribbit (D:7)
  A wraith (D:9)
  A wyvern (D:9)
  A yak (D:9)
  A steam dragon (D:7)
  A water moccasin (D:8)
  4 orc warriors
  A sky beast (D:6)
  3 ice beasts
  A boggart (D:9)
  2 ogres
  2 lemures (D:5)
  A centaur (D:9)
  3 bullfrogs
  A kobold brigand (D:8)
  A gnoll sergeant (D:6)
  2 scorpions (D:5)
  8 wights (D:8)
  16 killer bees
  2 howler monkeys
  3 human zombies (Ossuary)
  A jelly (D:8)
  4 orc priests
  4 hounds
  Crazy Yiuf (D:7)
  4 orc wizards
  2 iguanas
  A hound zombie (Ossuary)
  4 mummies (Ossuary)
  5 gnolls
  9 adders
  A shadow imp (D:7)
  A white imp (D:6)
  An ufetubus (D:6)
  2 adder zombies (Ossuary)
  2 dart slugs (D:1)
  30 orcs
  8 ball pythons
  6 endoplasms
  3 giant cockroaches
  2 gnoll zombies (Ossuary)
  7 goblins
  11 hobgoblins
  8 jackals
  3 quokkas
  2 bats
  6 frilled lizards
  2 goblin zombies (Ossuary)
  A jackal zombie (Ossuary)
  13 kobolds
  A kobold zombie (Ossuary)
  6 rats
212 creatures vanquished.

Vanquished Creatures (collateral kills)
  A water moccasin (D:5)
  A killer bee (D:7)
  A hound (D:4)
  4 orc priests
  Jessica (D:2)
  An orc wizard (D:4)
  3 gnolls (D:6)
  A worm (D:2)
  An orc (D:5)
  A hobgoblin (D:4)
  A jackal (D:2)
  A kobold (D:2)
  A ball python (D:4)
18 creatures vanquished.

Vanquished Creatures (others)
  4 demonic plants (D:1)
  4 fungi (D:1)
  15 plants (D:1)
  5 withered plants (D:1)
28 creatures vanquished.

Grand Total: 258 creatures vanquished

Notes
Turn   | Place    | Note
-------+----------+-------------------------------------------
     0 | D:1      | Mesmaeker13 the Djinni Hedge Wizard began the quest for the
                  | Orb.
     0 | D:1      | Mesmaeker13 set off with the following spells memorised:
                  | Magic Dart, Blink, Call Imp, Slow, Conjure Flame, Mephitic
                  | Cloud.
     0 | D:1      | Reached XP level 1. HP: 15/15 MP: 0/0
   347 | D:1      | Reached XP level 2. HP: 8/21 MP: 0/0
   819 | D:1      | Found a faded altar of an unknown god.
  1186 | D:1      | Reached XP level 3. HP: 23/25 MP: 0/0
  1186 | D:1      | Learned a level 1 spell: Sandblast
  1223 | D:1      | Reached skill level 3 in Spellcasting
  1770 | D:2      | Noticed Jessica
  1777 | D:2      | Killed Jessica
  1778 | D:2      | Reached XP level 4. HP: 26/31 MP: 0/0
  2198 | D:2      | You are sucked into a shaft and drop 2 floors!
  2211 | D:4      | Found a staircase to the Ecumenical Temple.
  2220 | Temple   | Entered the Ecumenical Temple
  2220 | Temple   | Found a transporter.
  2220 | Temple   | Found a transporter.
  2222 | Temple   | Found a transporter.
  2222 | Temple   | Found a transporter.
  2438 | D:3      | Found an opulent altar of Gozag.
  2438 | D:3      | Found a sparkling altar of Nemelex Xobeh.
  2853 | D:2      | Reached XP level 5. HP: 31/35 MP: 0/0
  2853 | D:2      | Learned a level 2 spell: Static Discharge
  3505 | D:3      | Reached skill level 1 in Fighting
  3609 | D:3      | Found a glowing golden altar of the Shining One.
  3631 | D:3      | Found a bloodstained altar of Trog.
  3873 | D:3      | Identified the +6 ring mail of Unambiguity {Will++}
  4172 | D:4      | Identified the +3 short sword of Contradiction {drain,
                  | Str+4}
  4236 | D:4      | Reached skill level 4 in Spellcasting
  4236 | D:4      | Reached XP level 6. HP: 41/42 MP: 0/0
  4479 | D:4      | Found Zirix's Firing Range.
  4489 | D:4      | Noticed an orc warrior
  5192 | D:4      | Killed an orc warrior
  5193 | D:4      | Reached skill level 1 in Armour
  5193 | D:4      | Reached XP level 7. HP: 26/49 MP: 0/0
  5193 | D:4      | Learned a level 3 spell: Dazzling Flash
  5430 | D:5      | Entered Level 5 of the Dungeon
  5490 | D:5      | Noticed a water moccasin
  5496 | D:5      | Killed a water moccasin
  5578 | D:5      | Reached skill level 5 in Spellcasting
  6196 | D:5      | Reached XP level 8. HP: 41/56 MP: 0/0
  7135 | D:6      | Noticed Pikel
  7251 | D:5      | Reached skill level 6 in Spellcasting
  7315 | D:5      | Killed Pikel
  7316 | D:5      | Reached XP level 9. HP: 64/64 MP: 0/0
  7316 | D:5      | Learned a level 3 spell: Swiftness
  7756 | D:6      | Reached skill level 5 in Fighting
  8301 | D:7      | Noticed a manticore
  8309 | D:7      | Killed a manticore
  8310 | D:7      | Reached skill level 5 in Armour
  8310 | D:7      | Reached skill level 7 in Spellcasting
  8398 | D:7      | Noticed Prince Ribbit
  8541 | D:7      | Found a sand-covered staircase.
  8545 | Ossuary  | Entered an ossuary
  8581 | Ossuary  | Gained mutation: You have very sharp teeth. [potion of
                  | mutation]
  8988 | D:7      | Reached XP level 10. HP: 69/72 MP: 0/0
  9088 | D:7      | Killed Prince Ribbit
  9126 | D:7      | Reached skill level 8 in Spellcasting
  9610 | D:7      | Found a runed translucent door.
  9611 | D:7      | Noticed Crazy Yiuf
  9619 | D:7      | Killed Crazy Yiuf
 10866 | D:8      | Found Suiboxt's Fire Supplies.
 11059 | D:9      | Found a hide-covered altar of Uskayaw.
 11059 | D:9      | Found a white marble altar of Elyvilon.
 11064 | D:9      | Found a stormy altar of Qazlal.
 11068 | D:9      | Became a worshipper of Elyvilon the Healer
 11151 | D:9      | Found a staircase to the Lair.
 11151 | D:9      | Noticed a death yak
 11542 | D:9      | Found a staircase to the Orcish Mines.
 11589 | D:9      | Noticed a death yak
 11591 | D:9      | Noticed a death yak
 11616 | D:9      | Noticed a death yak
 11617 | D:9      | Noticed a death yak
 11623 | D:9      | Killed a death yak
 11624 | D:9      | Reached skill level 9 in Spellcasting
 11624 | D:9      | Reached XP level 11. HP: 38/79 MP: 0/0
 11624 | D:9      | Learned a level 5 spell: Irradiate
 12174 | D:9      | Reached * piety under Elyvilon
 12201 | D:9      | Noticed a cyclops
 12216 | D:9      | Killed a cyclops
 12222 | D:9      | Elyvilon protects you from harm!
 12222 | D:9      | Killed from afar by a meliai

Illustrated notes

Levels and vault maps discovered:
D:1:      matt_arrival_refuge, layout_basic, shapermc_ecumenical_altar_gd
D:2:      layout_basic, minmay_split_cup_small, uniq_jessica
D:3:      kennysheep_six_static_rooms, layout_loops_ring,
          grunt_temple_overflow_opulence, nicolae_overflow_hidden_temple,
          mainiacjoe_overflow_tiny_flanked, minmay_fractal_squares_gapless_5
D:4:      layout_cave_pods, minmay_temple_entry_antechambers,
          nicolae_shop_firing_range
D:5:      layout_rooms, grunt_decor_clamped, kennysheep_generic_room_11
D:6:      layout_gridville, lightli_minifort, uniq_pikel
D:7:      layout_loops_corners, lightli_ossuary_entry_decrepit_ruins,
          uniq_prince_ribbit1, uniq_crazy_yiuf_cottage
D:8:      layout_basic, lemuel_blue_sif_altar, nicolae_shop_fire_sale
          [nicolae_sub_dead_trees]
D:9:      hangedman_cross_veins, layout_small_grid,
          mainiacjoe_overflow_boulevard, minitemple, dpeg_lair_monsters,
          uniq_erolcha
Temple:   hellmonk_temple_divided_pantheon

Skill      XL: |  1  2  3  4  5  6  7  8  9 10 |
---------------+-------------------------------+-----
Spellcasting   | 3 4 5 6 7 9 |  9.5
Dodging        | 3 4 |  4.0
Fighting       | 1 2 3 4 5 7 |  7.9
Armour         | 1 2 4 5 7 |  7.6
Stealth        | |  1.5

Action                   |  1- 3 |  4- 6 |  7- 9 | 10-12 || total
-------------------------+-------+-------+-------+-------++-------
Melee: Dagger            |     2 |       |       |       ||     2
       Quarterstaff      |     4 |     9 |       |       ||    13
       Short sword       |       |    22 |    44 |    71 ||   137
       Bite              |       |       |       |    11 ||    11
Throw: Javelin           |       |       |       |     1 ||     1
 Cast: Magic Dart        |    50 |   125 |    91 |    80 ||   346
       Call Imp          |     3 |    17 |    15 |     1 ||    36
       Slow              |       |     2 |       |       ||     2
       Mephitic Cloud    |       |     2 |     8 |    23 ||    33
       Sandblast         |       |     1 |    22 |    51 ||    74
       Static Discharge  |       |       |     8 |       ||     8
       Dazzling Flash    |       |       |     2 |       ||     2
       Conjure Flame     |       |       |     1 |       ||     1
       Irradiate         |       |       |       |     2 ||     2
Evoke: Wand              |       |       |    17 |     4 ||    21
  Use: Scroll            |     1 |     4 |    10 |     4 ||    19
       Potion            |       |       |    13 |       ||    13
 Stab: Confused          |       |       |     2 |     6 ||     8
Armor: Robe              |     1 |     6 |       |       ||     7
       Ring mail         |       |    17 |    64 |    58 ||   139
Dodge: Dodged            |     8 |    57 |    63 |    69 ||   197

Table legend: (Time is in decaauts)
 A = Elapsed time spent in this place.
 B = Non-inter-level travel time spent in this place.
 C = Inter-level travel time spent in this place.
 D = Time resting spent in this place.
 E = Time spent auto-exploring this place.
 F = Levels seen in this place.
 G = Mean time per level.
                   A        B        C        D        E       F      G
               +--------+--------+--------+--------+--------+-----+--------+
         Total |  12303 |  11538 |    765 |   2395 |   6940 |  11 | 1118.5 |
       Dungeon |  11909 |  11149 |    760 |   2390 |   6679 |   9 | 1323.2 |
        Temple |     44 |     39 |      5 |      0 |      2 |   1 |   44.0 |
       Ossuary |    349 |    349 |      0 |      5 |    259 |   1 |  349.0 |
               +--------+--------+--------+--------+--------+-----+--------+

Top non-repeatable levels by time:
     D:7: 1861 daAuts
     D:1: 1451 daAuts
     D:6: 1428 daAuts
     D:4: 1400 daAuts
     D:3: 1348 daAuts
     D:2: 1336 daAuts
     D:8: 1334 daAuts
     D:5: 1327 daAuts
     D:9: 420 daAuts
 Ossuary: 349 daAuts
  Temple: 44 daAuts
